 Dungeon Crawl Stone Soup version 0.28.0-43-g3370ac3207 (console) character file.

Game seed: 8446261652773410311

148750 Zeor the Fencer (level 17, -6/114 HPs)
             Began as a Gargoyle Berserker on Mar 25, 2022.
             Was a High Priest of Trog.
             Mangled by an emperor scorpion (7 damage)
             ... on level 3 of the Spider Nest.
             The game lasted 01:48:50 (26893 turns).

Zeor the Fencer (Gargoyle Berserker)               Turns: 26893, Time: 01:48:51

Health: -6/114     AC: 45    Str: 28    XL:     17   Next: 49%
Magic:  0/26       EV:  9    Int:  6    God:    Trog [*****.]
Gold:   1655       SH: 11    Dex: 14    Spells: 16/16 levels left

rFire   + . .      SeeInvis .   a - +4 scimitar {freeze, rC+ Str+2 Dex+5}
rCold   + + .      Faith    .   E - +3 warlock's mirror {reflect}
rNeg    + . .      Spirit   +   H - +2 plate armour of Peodghawk {-Tele Will++ Slay+5}
rPois   ∞          Reflect  +   P - +2 helmet
rElec   +          Harm     .   A - scarf {rC+ rF+}
rCorr   +          Rampage  .   d - +2 pair of gloves
Will    +++..      NoTele   +   y - +2 pair of boots {Fly}
Stlth   ..........              W - amulet of guardian spirit
HPRegen 0.29/turn               N - ring of Okupeis {rPois rCorr AC+4 Int-5}
MPRegen 0.20/turn               X - ring of magical power

@: on berserk cooldown, flying, slowed, very slow
A: sickness immunity, AC +12, big wings, negative energy resistance 1,
electricity resistance, torment resistance 1, petrification resistance
a: Renounce Religion, Berserk, Trog's Hand, Brothers in Arms


You were on level 3 of the Spider Nest.
You worshipped Trog.
Trog was extremely pleased with you.
You visited 4 branches of the dungeon, and saw 26 of its levels.
You also visited: Ossuary, Bailey and Gauntlet.

You collected 2698 gold pieces.
You spent 1043 gold pieces at shops.

Inventory:

Hand Weapons
 a - the +4 scimitar of Guilt (weapon) {freeze, rC+ Str+2 Dex+5}
   (You bought it in a shop on level 2 of the Orcish Mines)

   It freezes those it strikes, dealing additional cold damage.
   It can also slow down cold-blooded creatures.
   Str:       It affects your strength (+2).
   Dex:       It affects your dexterity (+5).
   rC:        It protects you from cold.
 b - a +1 long sword of holy wrath
 c - a +7 antimagic scimitar
 w - a +3 scimitar of flaming
Missiles
 f - 17 javelins (quivered)
 j - 6 atropa-tipped darts
 r - 5 throwing nets
 v - 3 silver javelins
 M - 7 curare-tipped darts
Armour
 d - a +2 pair of gloves (worn)
 n - a +3 chain mail of fire resistance
 y - a +2 pair of boots of flying (worn)
 A - a scarf of resistance (worn)
 E - the +3 warlock's mirror (worn) {reflect}
   (You acquired it on level 9 of the Dungeon)

   It can block and reflect piercing ranged attacks and magical attacks against
   the wielder's willpower.
 F - a +4 plate armour of poison resistance
 G - the +0 hat of Gravitas {rElec rN+ Stlth+}
   (You found it in a Gauntlet)

   rElec:     It insulates you from electricity.
   rN:        It protects you from negative energy.
   Stlth:     It makes you more stealthy.
 H - the +2 plate armour of Peodghawk (worn) {-Tele Will++ Slay+5}
   (You found it in a bailey)

   Slay:      It affects your accuracy & damage with ranged weapons and melee
   (+5).
   -Tele:     It prevents most forms of teleportation.
   Will:      It greatly increases your willpower.
 P - a +2 helmet (worn)
Jewellery
 p - an amulet of regeneration
 C - a ring of ice
 L - a ring of protection from fire
 N - the ring of Okupeis (left hand) {rPois rCorr AC+4 Int-5}
   (You acquired it on level 9 of the Dungeon)

   [ring of protection]

   AC:        It affects your AC (+4).
   Int:       It affects your intelligence (-5).
   rPois:     It protects you from poison.
   rCorr:     It protects you from acid and corrosion.
 O - a ring of positive energy
 W - an amulet of guardian spirit (around neck)
 X - a ring of magical power (right hand)
Wands
 k - a wand of flame (32)
 q - a wand of polymorph (13)
 D - a wand of acid (12)
 I - a wand of mindburst (9)
 J - a wand of digging (4)
 Y - a wand of iceblast (33)
Scrolls
 h - 2 scrolls of silence
 i - 7 scrolls of fear
 m - 5 scrolls of fog
 s - 9 scrolls of teleportation
 u - 6 scrolls of immolation
 Q - 7 scrolls of identify
 R - a scroll of summoning
 S - 2 scrolls of enchant weapon
 T - 2 scrolls of magic mapping
Potions
 e - 5 potions of invisibility
 g - 7 potions of haste
 l - 7 potions of heal wounds
 o - 2 potions of resistance
 t - 12 potions of curing
 x - a potion of magic
 z - 2 potions of flight
 B - 2 potions of might
 K - 5 potions of attraction
 U - a potion of berserk rage
 Z - 2 potions of ambrosia


   Skills:
 * Level 15.7 Fighting
 - Level 19.0 Long Blades
 + Level 1.6(4.1) Slings
 * Level 5.9(6.0) Throwing
 + Level 13.6 Armour
 + Level 4.1 Dodging
 - Level 3.0 Stealth
 * Level 14.4 Shields
 + Level 1.4 Evocations


You had 16 spell levels left.
You didn't know any spells.
Your spell library was empty.

Dungeon Overview and Level Annotations

Branches:
Dungeon (15/15)            Temple (0/1) D:4            Lair (6/6) D:9
 Shoals (0/4) Lair:4       Spider (3/4) Lair:3        Slime (0/5) Lair:6
    Orc (2/2) D:11            Elf (0/3) Orc:2        Vaults (0/5) D:14
 Depths (0/4) D:15        Ossuary (visited)          Bailey (visited)
Gauntlet (visited)

Altars:
Ashenzari
Hepliaklqana
Wu Jian
The Shining One
Beogh
Jiyva

Shops:
D:5 [   Orc:1 *   Orc:2 :*([

Annotations:
D:11 2 transporters


Innate Abilities, Weirdness & Mutations

You are immune to sickness and miasma.
Your stone body is resilient. (AC +12)
You are immune to poison.
Your large and strong wings let you fly.
You resist negative energy. (rN+)
You are resistant to electric shocks. (rElec)
You are resistant to unholy torment.
You are immune to petrification.


Message History

The spark wasp shocks you. You resist.
* * * LOW HITPOINT WARNING * * *
Your ogre hits the emperor scorpion with a +0 giant club!!
The emperor scorpion completely misses you.
The emperor scorpion claws you but does no damage.
The emperor scorpion completely misses you.
Okay, then.
You're still recovering from your berserk rage.
You feel much better. The spark wasp closely misses you.
You block the boulder beetle's attack.
Your ogre hits the emperor scorpion with a +0 giant club!
The emperor scorpion stings you!
* * * LOW HITPOINT WARNING * * *
The emperor scorpion claws you but does no damage. x2
The moth of wrath goads the emperor scorpion on!
The emperor scorpion goes berserk!
The spark wasp stings you!!
* * * LOW HITPOINT WARNING * * *
The spark wasp shocks you. You resist.
* * * LOW HITPOINT WARNING * * *
You feel you are being watched by something.
Something hits your ogre! x2; Something stings your ogre!
You block the boulder beetle's attack.
Unknown command.
You slash the boulder beetle! You freeze the boulder beetle.
The boulder beetle is moderately wounded.
You block the emperor scorpion's attack.
The emperor scorpion claws you but does no damage.
The emperor scorpion closely misses you.
Your ogre misses the spark wasp.
The spark wasp stings you but does no damage.
Something hits your ogre!
Your ogre dies!
Your ogre's corpse disappears in a puff of smoke!
The emperor scorpion stings you but does no damage.
You block the emperor scorpion's attack.
The emperor scorpion barely misses you. You block the spark wasp's attack.
The boulder beetle bites you but does no damage.
The moth of wrath goads the boulder beetle on!
The boulder beetle goes berserk!
The emperor scorpion stings you!
You die...

∙^∙∙∙∙∙∙∙∙^▒
▒▒∙∙▒▒((∙▒▒∙∙
▒▒∙∙∙∙s∙∙∙▒∙∙▒ ▒▒▒
▒∙[∙∙∙∙∙▒∙∙^▒▒▒▒∙▒▒▒
▒^∙∙∙∙∙s▒∙∙▒∙∙^∙∙∙▒▒
▒∙∙▒∙∙∙∙▒∙^∙∙∙∙∙∙∙∙▒
∙∙^∙▒▒s∙∙∙▒▒∙∙∙∙∙∙∙∙∙▒
▒∙∙∙
▒{y▒▒∙∙∙^▒∙∙∙∙∙∙∙▒ ▒∙∙
▒#s9▒∙∙∙∙▒▒∙∙∙∙∙∙▒ ∙∙
▒†B∙▒^▒▒▒▒▒∙∙∙∙∙∙▒ ▒
▒∙y▒)▒▒▒ ▒▒∙^∙∙▒▒
▒^∙▒▒▒ [∙∙^∙∙▒^▒▒▒


∙∙∙∙∙ ∙▒∙∙∙▒▒∙∙∙▒ ∙∙∙∙∙∙ ▒▒∙∙▒∙∙∙∙▒ ▒∙∙∙▒▒∙> ▒▒▒▒∙∙∙∙▒ ∙∙^∙ ∙∙∙∙ ▒∙∙∙^∙∙∙▒ ∙∙▒
▒^ ▒^▒∙∙∙▒▒∙∙▒ You could see an emperor scorpion (berserk, soul bound), a
boulder beetle (berserk, soul bound), a spark wasp (soul bound), a moth of wrath
and a culicivora (soul bound).

Vanquished Creatures
  2 emperor scorpions
  A ghost moth (Spider:2)
  A broodmother (Spider:3)
  2 spark wasps
  An entropy weaver (Spider:2)
  A dire elephant (D:15)
  A minotaur (Gauntlet)
  Snorg (Lair:6)
  Erolcha (D:12)
  4 boulder beetles
  Harold (D:7)
  3 centaur warriors
  Erica (D:8)
  2 radroaches
  13 hydras
  2 ogre magi
  3 catoblepae (Lair:6)
  7 death yaks (Lair:6)
  10 two-headed ogres
  3 tengu warriors (D:15)
  Urug (Lair:4)
  An orc high priest (Orc:1)
  A soul eater (Gauntlet)
  Sonja (Lair:3)
  2 sixfirhies (Gauntlet)
  4 pharaoh ants
  2 sun moths (Spider:1)
  2 orb spiders
  3 steelbarb worms
  A lindwurm (Lair:5)
  3 deep elf pyromancers
  5 orc knights
  4 cyclopes
  2 orc sorcerers (Orc:2)
  8 ugly things
  7 wolf spiders
  6 manticores
  10 elephants
  11 cane toads
  A gargoyle (D:11)
  A torpor snail (Gauntlet)
  3 demonic crawlers
  A kobold demonologist (D:14)
  4 unseen horrors
  2 freezing wraiths (D:15)
  8 komodo dragons
  4 trolls
  A wind drake (Lair:4)
  15 meliai
  11 tarantellas
  13 blink frogs
  A hornet (D:9)
  A polar bear (Lair:5)
  31 slime creatures
  11 culicivoras
  21 jumping spiders
  Sigmund (D:3)
  43 yaks
  2 shadows (D:11)
  3 wraiths (D:12)
  5 wyverns
  9 basilisks
  Grum (D:8)
  9 vampire mosquitoes
  15 redbacks
  3 wargs
  4 acid dragons
  9 water moccasins
  25 orc warriors
  A sky beast (D:8)
  11 ogres
  15 centaurs
  20 wolves
  5 kobold brigands
  7 bullfrogs
  8 elf zombies (Ossuary)
  A gnoll sergeant (D:9)
  A scorpion (D:4)
  A water moccasin skeleton (D:5)
  5 killer bees (D:8)
  5 electric eels
  6 howler monkeys
  3 centaur zombies
  12 orc priests
  A jelly (D:4)
  7 hounds
  3 human zombies (Ossuary)
  A bullfrog skeleton (D:3)
  Ijyb (D:4)
  19 orc wizards
  3 iguanas
  5 hell rats (Lair:5)
  3 killer bee zombies
  A hound zombie (D:5)
  A hound skeleton (D:4)
  3 mummies (Ossuary)
  7 gnolls
  6 adders
  5 shadow imps
  3 white imps
  An adder skeleton (D:4)
  3 dart slugs
  50 orcs
  5 ball pythons
  6 endoplasms
  2 giant cockroaches
  13 goblins
  7 hobgoblins
  3 jackals (D:2)
  4 quokkas
  2 bats
  3 frilled lizards
  26 kobolds
  6 rats
  2 rat zombies (D:6)
695 creatures vanquished.

Vanquished Creatures (collateral kills)
  An orc warlord (Orc:2)
  A death yak (Lair:6)
  An orc high priest (Orc:2)
  An orb spider (Spider:1)
  A manticore (Lair:6)
  A demonic crawler (Spider:3)
  A troll (Orc:2)
  A jumping spider (Spider:1)
  A yak (Lair:6)
  A redback (Spider:3)
  2 wargs (Orc:2)
  4 orc warriors (Orc:2)
  An ogre (Orc:2)
  Blork the orc (Orc:2)
  2 orc priests (Orc:2)
  4 orcs (Orc:2)
24 creatures vanquished.

Vanquished Creatures (others)
  2 demonic plants (Gauntlet)
  12 fungi
  27 plants
  22 withered plants (Gauntlet)
63 creatures vanquished.

Grand Total: 782 creatures vanquished

Notes
Turn   | Place    | Note
-------+----------+-------------------------------------------
     0 | D:1      | Zeor the Gargoyle Berserker began the quest for the Orb.
     0 | D:1      | Reached XP level 1. HP: 14/14 MP: 1/1
   490 | D:1      | Reached skill level 3 in Long Blades
   490 | D:1      | Reached XP level 2. HP: 19/19 MP: 2/2
   961 | D:2      | Reached XP level 3. HP: 23/23 MP: 3/3
   976 | D:2      | Found a faded altar of an unknown god.
  1206 | D:2      | Reached ** piety under Trog
  1584 | D:3      | Noticed Sigmund
  1596 | D:3      | Killed Sigmund
  1597 | D:3      | Reached skill level 4 in Long Blades
  1597 | D:3      | Reached XP level 4. HP: 13/29 MP: 4/4
  1597 | D:3      | Reached XP level 5. HP: 15/33 MP: 5/5
  1955 | D:3      | Reached skill level 5 in Long Blades
  1955 | D:3      | Reached XP level 6. HP: 31/38 MP: 6/6
  2395 | D:4      | Noticed Ijyb
  2418 | D:4      | Paralysed by Ijyb for 7 turns
  2433 | D:4      | Killed Ijyb
  2702 | D:4      | Found a hazy altar of Hepliaklqana.
  2832 | D:4      | Reached XP level 7. HP: 18/43 MP: 7/7
  3027 | D:4      | Found a staircase to the Ecumenical Temple.
  3117 | D:4      | Reached skill level 6 in Long Blades
  3607 | D:4      | You fall into a shaft and drop 1 floor!
  3607 | D:5      | Entered Level 5 of the Dungeon
  3939 | D:5      | Found Atrun's Antique Armour Shop.
  4108 | D:5      | Reached skill level 7 in Long Blades
  4108 | D:5      | Reached skill level 1 in Stealth
  4108 | D:5      | Reached XP level 8. HP: 45/48 MP: 8/8
  4776 | D:6      | Found a sand-covered staircase.
  4793 | Ossuary  | Entered an ossuary
  4865 | Ossuary  | Reached *** piety under Trog
  4866 | Ossuary  | Reached skill level 8 in Long Blades
  4915 | Ossuary  | Reached skill level 5 in Armour
  4937 | Ossuary  | Reached skill level 5 in Fighting
  5069 | Ossuary  | Reached skill level 9 in Long Blades
  5069 | Ossuary  | Reached XP level 9. HP: 53/54 MP: 9/9
  5759 | D:7      | Noticed Harold
  5774 | D:7      | Killed Harold
  5775 | D:7      | Reached skill level 10 in Long Blades
  6097 | D:5      | Bought a heavily runed ring mail for 252 gold pieces
  6097 | D:5      | Identified the +0 ring mail of the Albatross {rC- Str+3
                  | Dex+9} (You bought it in a shop on level 5 of the Dungeon)
  6745 | D:8      | Reached **** piety under Trog
  6746 | D:8      | Reached XP level 10. HP: 43/60 MP: 10/10
  6809 | D:8      | Noticed Grum
  6816 | D:8      | Killed Grum
  6817 | D:8      | Reached skill level 11 in Long Blades
  6903 | D:8      | Noticed Erica
  6926 | D:8      | Killed Erica
  7311 | D:9      | Found a staircase to the Lair.
  7399 | D:9      | Found a flagged portal.
  7430 | Bailey   | Entered a bailey
  7526 | Bailey   | Reached skill level 12 in Long Blades
  7526 | Bailey   | Found a large runed translucent door.
  7526 | Bailey   | Found a large runed translucent door.
  7527 | Bailey   | Noticed an orc knight
  7538 | Bailey   | Noticed a deep elf pyromancer
  7556 | Bailey   | Reached ***** piety under Trog
  7625 | Bailey   | Killed an orc knight
  7626 | Bailey   | HP: 4/94 [orc/+0 spear (3)]
  7708 | Bailey   | Killed a deep elf pyromancer
  7709 | Bailey   | Reached XP level 11. HP: 65/67 MP: 11/11
  7739 | Bailey   | Identified the +2 plate armour of Peodghawk {-Tele Will++
                  | Slay+5}
  7743 | Bailey   | Identified the +7 halberd "Leimirpho" {drain, rF+ Will+}
  8234 | D:9      | Noticed a two-headed ogre
  8241 | D:9      | Killed a two-headed ogre
  8242 | D:9      | Reached skill level 13 in Long Blades
  8413 | D:9      | Identified 4 scrolls of acquirement
  8413 | D:9      | Acquired the ring of Okupeis {rPois rCorr AC+4 Int-5}
  8444 | D:9      | Acquired the +3 warlock's mirror {reflect}
  8444 | D:9      | Found the +3 warlock's mirror {reflect}
  8451 | D:9      | Acquired a manual of Long Blades
  8453 | D:9      | Acquired a +2 great sword of flaming
  8602 | D:10     | Entered Level 10 of the Dungeon
  8804 | D:10     | Noticed a manticore
  8820 | D:10     | Killed a manticore
  8829 | D:10     | Reached skill level 1 in Shields
  8845 | D:10     | Reached skill level 14 in Long Blades
  9438 | Lair:1   | Entered Level 1 of the Lair of Beasts
  9618 | Lair:1   | Noticed a four-headed hydra
  9626 | Lair:1   | Killed a one-headed hydra
  9887 | Lair:1   | Identified the +4 short sword of Bile {vorpal, Dex+3
                  | Stlth+}
 10031 | Lair:1   | Reached skill level 15 in Long Blades
 10120 | Lair:2   | Reached XP level 12. HP: 57/74 MP: 12/12
 10510 | Lair:2   | Noticed an eight-headed hydra
 10517 | Lair:2   | Killed a four-headed hydra
 10539 | Lair:2   | Reached skill level 16 in Long Blades
 11214 | Lair:3   | Found a hole to the Spider Nest.
 11460 | Lair:3   | Noticed Sonja
 11475 | Lair:3   | Killed Sonja
 11475 | Lair:3   | Received a gift from Trog
 11828 | Lair:3   | Reached skill level 5 in Shields
 12203 | Lair:4   | Noticed Urug
 12211 | Lair:4   | Killed Urug
 12212 | Lair:4   | Reached skill level 17 in Long Blades
 12303 | Lair:4   | You fall into a shaft and drop 2 floors!
 12303 | Lair:6   | Entered Level 6 of the Lair of Beasts
 12303 | Lair:6   | Noticed Snorg
 12310 | Lair:6   | Killed Snorg
 12328 | Lair:6   | Reached XP level 13. HP: 80/80 MP: 13/13
 12470 | Lair:4   | Found a glowing golden altar of the Shining One.
 12606 | Lair:4   | Reached skill level 10 in Armour
 13102 | Lair:4   | Found a staircase to the Shoals.
 13150 | Lair:4   | Reached skill level 18 in Long Blades
 13574 | Lair:5   | Reached skill level 10 in Fighting
 14798 | Lair:6   | Gained mutation: Your large and strong wings let you fly.
                  | [Gargoyle growth]
 14798 | Lair:6   | Reached XP level 14. HP: 29/88 MP: 7/14
 15349 | Lair:6   | Found a viscous altar of Jiyva.
 15349 | Lair:6   | Found a staircase to the Slime Pits.
 16069 | D:11     | Found a gate leading to a gauntlet.
 16075 | Gauntlet | Entered a Gauntlet
 16075 | Gauntlet | Found a transporter.
 16075 | Gauntlet | Found a transporter.
 16082 | Gauntlet | Found a transporter.
 16097 | Gauntlet | Found a transporter.
 16099 | Gauntlet | Found a large runed translucent door.
 16099 | Gauntlet | Found a large runed translucent door.
 16100 | Gauntlet | Found a large runed translucent door.
 16100 | Gauntlet | Found a large runed translucent door.
 16101 | Gauntlet | Found a large runed translucent door.
 16101 | Gauntlet | Found a runed translucent door.
 16101 | Gauntlet | Found a large runed translucent door.
 16101 | Gauntlet | Found a runed translucent door.
 16101 | Gauntlet | Found a large runed translucent door.
 16101 | Gauntlet | Found a large runed translucent door.
 16104 | Gauntlet | Found a large runed translucent door.
 16104 | Gauntlet | Found a large runed translucent door.
 16105 | Gauntlet | Found a large runed translucent door.
 16105 | Gauntlet | Found a large runed translucent door.
 16108 | Gauntlet | Found a large runed translucent door.
 16108 | Gauntlet | Found a large runed translucent door.
 16109 | Gauntlet | Found a runed translucent gate.
 16109 | Gauntlet | Found a runed translucent gate.
 16109 | Gauntlet | Found a runed translucent gate.
 16111 | Gauntlet | Found a transporter.
 16121 | Gauntlet | Found a large runed translucent door.
 16122 | Gauntlet | Found a large runed translucent door.
 16124 | Gauntlet | Found a transporter.
 16209 | Gauntlet | Found a transporter.
 16218 | Gauntlet | Found a transporter.
 16233 | Gauntlet | Found a transporter.
 16247 | Gauntlet | Found a transporter.
 16326 | Gauntlet | Found a transporter.
 16326 | Gauntlet | Found a transporter.
 16338 | Gauntlet | Found a transporter.
 16339 | Gauntlet | Found a transporter.
 16341 | Gauntlet | Noticed an iron dragon
 16389 | Gauntlet | Identified the +0 hat of Gravitas {rElec rN+ Stlth+}
 16426 | Gauntlet | Received a gift from Trog
 16440 | Gauntlet | Identified the -1 hat of Aptimn {rElec Int+4}
 16473 | Gauntlet | Found a transporter.
 16495 | Gauntlet | Found a transporter.
 16770 | D:11     | Found a staircase to the Orcish Mines.
 16781 | D:11     | Found a transporter.
 16803 | D:11     | Found a transporter.
 16981 | D:11     | Reached skill level 19 in Long Blades
 17418 | D:12     | Reached skill level 1 in Throwing
 17536 | D:12     | Noticed Erolcha
 17555 | D:12     | Killed Erolcha
 18141 | D:12     | Reached skill level 1 in Slings
 18141 | D:12     | Reached skill level 10 in Shields
 18141 | D:12     | Reached skill level 1 in Evocations
 18141 | D:12     | Reached XP level 15. HP: 96/96 MP: 15/15
 18839 | D:13     | Found an ornate altar of the Wu Jian Council.
 19526 | D:13     | Reached ****** piety under Trog
 19550 | D:13     | Received a gift from Trog
 19952 | D:13     | Reached XP level 16. HP: 101/103 MP: 16/16
 20522 | D:14     | Found a gate to the Vaults.
 21155 | D:15     | Entered Level 15 of the Dungeon
 21701 | D:15     | Found a broken altar of Ashenzari.
 21822 | D:15     | Received a gift from Trog
 21979 | D:15     | Found a staircase to the Depths.
 22066 | D:15     | Identified the +1 chain mail of the Nexus {rN+ Int+5
                  | Slay-6}
 22567 | Orc:1    | Entered Level 1 of the Orcish Mines
 22668 | Orc:1    | Found Vomedghorch's Assorted Antiques.
 22749 | Orc:2    | Entered Level 2 of the Orcish Mines
 23154 | Orc:2    | Received a gift from Trog
 23295 | Orc:2    | Found a staircase to the Elven Halls.
 23452 | Orc:2    | Noticed Blork the orc
 23482 | Orc:2    | Killed Blork the orc
 23562 | Orc:2    | Found Aplog's Antique Weapon Boutique.
 23622 | Orc:2    | Found Xant's Book Boutique.
 23634 | Orc:2    | Bought an ancient scimitar for 252 gold pieces
 23634 | Orc:2    | Identified the +4 scimitar of Guilt {freeze, rC+ Str+2
                  | Dex+5} (You bought it in a shop on level 2 of the Orcish
                  | Mines)
 23634 | Orc:2    | Bought a shimmering falchion for 224 gold pieces
 23634 | Orc:2    | Identified the +6 falchion "Deacoruk" {distort, Dex+5} (You
                  | bought it in a shop on level 2 of the Orcish Mines)
 23644 | Orc:2    | Found Isajetyst's General Store.
 23660 | Orc:2    | Found Liokh's Antique Armour Boutique.
 23700 | Orc:2    | Bought an ichor-stained scale mail for 315 gold pieces
 23700 | Orc:2    | Identified the +5 scale mail of Odeusy {Int+6 SInv} (You
                  | bought it in a shop on level 2 of the Orcish Mines)
 24233 | Spider:1 | Entered Level 1 of the Spider Nest
 24309 | Spider:1 | Reached skill level 5 in Throwing
 24352 | Spider:1 | Reached XP level 17. HP: 29/112 MP: 9/17
 24588 | Spider:1 | Reached skill level 15 in Fighting
 24782 | Spider:1 | Received a gift from Trog
 26867 | Spider:3 | Received a gift from Trog
 26892 | Spider:3 | HP: 5/114 [spark wasp (19)]
 26892 | Spider:3 | HP: 1/114 [spark wasp (4)]
 26893 | Spider:3 | Mangled by an emperor scorpion

Illustrated notes

Levels and vault maps discovered:
D:1:      erik_arrival_orb_chamber, layout_basic
D:2:      layout_rooms, shapermc_ecumenical_altar_venn, grunt_decor_arrowhead
D:3:      layout_basic, uniq_sigmund
D:4:      layout_basic, nicolae_hepliaklqana_hazy_memory,
          minmay_temple_entry_glass, uniq_ijyb
D:5:      layout_gridville, serial_shops, shop
D:6:      cheibrodos_thug_alley, layout_loops_ring, enter_ossuary_4
D:7:      layout_loops_ring, uniq_harold
D:8:      layout_rooms, uniq_erica, uniq_grum
D:9:      layout_basic, erik_lair_island, enter_bailey_5
D:10:     layout_basic
D:11:     gammafunk_worm_tunnel, layout_irregular_city, gauntlet_entry_generic,
          minivault_24
D:12:     layout_irregular_city, uniq_erolcha
D:13:     layout_layer_cave, pdpol_wu_jian_five_deadly_venoms
D:14:     layout_roguey, david_vaults_2
D:15:     hangedman_depths_entry_try_elsewhere_first, layout_irregular_city,
          ashenzari_altar_1, hangedman_decor_growths
Lair:1:   layout_chaotic_city, infiniplex_staircase_pool, lemuel_fruit_tree
Lair:2:   layout_cave_pods, grunt_megastairs_3, serial_bayou_shore_b,
          infiniplex_staircase_pool_2, lemuel_fruit_fields
Lair:3:   layout_roguey, spider_nest_entry_web_field, uniq_sonja
Lair:4:   layout_regular_city, minmay_shoals_entry_beasts, basic_altar,
          nicolae_quartered_pool_medium, uniq_urug
Lair:5:   layout_misc_corridors, grunt_megastairs_1
Lair:6:   evilmike_catoblepas_cave, layout_cave_pods,
          dpeg_slime_entry_enclosed_altar, uniq_snorg
Spider:1: layout_spider_delve
Spider:2: layout_spider_delve
Spider:3: layout_spider_delve
Orc:1:    layout_caves, basic_altar, serial_shops, nicolae_shop_waterfront
Orc:2:    grunt_orc_cross, layout_caves

Skill      XL: |  1  2  3  4  5  6  7  8  9 10 11 12 13 14 15 16 17 |
---------------+----------------------------------------------------+-----
Long Blades    | 3 4 5 7 9 10 12 15 17 18 19 | 19.0
Armour         | 3 4 5 6 7 8 9 11 12 13 | 13.6
Dodging        | 2 3 4 |  4.1
Fighting       | 4 5 6 7 8 9 10 12 14 15 | 15.7
Stealth        | 1 3 |  3.0
Shields        | 2 5 8 10 13 14 | 14.4
Throwing       | 2 3 5 |  5.9
Slings         | 1 |  1.6
Evocations     | 1 |  1.4

Action                   |  1- 3 |  4- 6 |  7- 9 | 10-12 | 13-15 | 16-18 || total
-------------------------+-------+-------+-------+-------+-------+-------++-------
Melee: Falchion          |   101 |   121 |   555 |    87 |       |       ||   864
       Punch             |       |     2 |     8 |     1 |       |       ||    11
       Scimitar          |       |       |       |   530 |   609 |   792 ||  1931
       Long sword        |       |       |       |       |    43 |     2 ||    45
Throw: Javelin           |       |       |       |     1 |     2 |    10 ||    13
Invok: Berserk           |     1 |     1 |     1 |     4 |     2 |     5 ||    14
       Brothers in Arms  |       |       |       |       |     2 |     5 ||     7
       Trog's Hand       |       |       |       |       |     1 |     1 ||     2
  Use: Scroll            |     6 |     2 |     9 |    11 |     8 |     3 ||    39
       Potion            |       |       |       |       |     1 |     3 ||     4
 Stab: Petrified         |       |       |       |     2 |     3 |       ||     5
       Distracted        |       |       |       |       |     1 |       ||     1
Armor: Ring mail         |    45 |    44 |       |       |       |       ||    89
       Chain mail        |       |    12 |   284 |   132 |       |       ||   428
       Plate armour      |       |       |       |   307 |   446 |   667 ||  1420
Dodge: Dodged            |    63 |    54 |   157 |   194 |   163 |   283 ||   914
Block: Buckler           |       |       |       |    89 |   204 |   386 ||   679
       Reflection        |       |       |       |     3 |    18 |    17 ||    38
